 Dungeon Crawl Stone Soup version 0.30-a0-137-gd8773701ce (webtiles) character file.

Game seed: 3969953482086077424

262 NinjaNoafa the Grasshopper (level 6, 0/51 HPs)
             Began as a Gnoll Warper on Sept 22, 2022.
             Was an Initiate of Kikubaaqudgha.
             Slain by Edmund
             ... wielding a +3 dire flail of holy wrath
              (11 damage)
             ... on level 5 of the Dungeon.
             The game lasted 00:09:14 (4236 turns).

NinjaNoafa the Grasshopper (Gnoll Warper)           Turns: 4236, Time: 00:09:15

Health: 0/51       AC:  6    Str: 10    XL:     6   Next: 18%
Magic:  14/14      EV: 17    Int: 15    God:    Kikubaaqudgha [......]
Gold:   168        SH:  0    Dex: 11    Spells: 4/15 levels left

rFire   . . .      SeeInvis .    a - +0 falchion
rCold   . . .      Faith    .    (no shield)
rNeg    . . .      Spirit   .    b - +0 leather armour
rPois   .          Reflect  .    (no helmet)
rElec   .          Harm     .    k - +2 cloak
rCorr   .          Rampage  .    (no gloves)
Will    .....                    (no boots)
Stlth   ++........               (no amulet)
HPRegen 0.17/turn                e - +4 ring of evasion
MPRegen 0.14/turn                (no ring)

@: lethally poisoned (0 -> -4)
A: fangs 1, strong nose, distributed training
a: Renounce Religion


You were on level 5 of the Dungeon.
You worshipped Kikubaaqudgha.
Kikubaaqudgha was noncommittal.
You visited 1 branch of the dungeon, and saw 5 of its levels.

You collected 168 gold pieces.

Inventory:

Hand Weapons
 a - a +0 falchion (weapon)
Missiles
 d - 2 boomerangs of dispersal (quivered)
 f - 48 stones
 p - 3 datura-tipped darts
Armour
 b - a +0 leather armour (worn)
 k - a +2 cloak (worn)
Jewellery
 e - a +4 ring of evasion (left hand)
Wands
 j - a wand of charming (5)
Scrolls
 c - a scroll of blinking
 o - 2 scrolls of teleportation
Potions
 g - 2 potions of attraction
 h - a potion of ambrosia
 m - a potion of curing


   Skills:
 + Level 5.0 Fighting
 + Level 1.9 Short Blades
 + Level 5.0 Long Blades
 + Level 1.9 Axes
 + Level 1.9 Maces & Flails
 + Level 1.9 Polearms
 + Level 1.9 Staves
 + Level 1.9 Ranged Weapons
 + Level 3.2 Throwing
 + Level 3.2 Armour
 + Level 5.0 Dodging
 + Level 1.9 Stealth
 + Level 1.9 Shields
 + Level 1.9 Unarmed Combat
 + Level 5.3 Spellcasting
 + Level 1.5 Conjurations
 + Level 1.5 Hexes
 + Level 1.5 Summonings
 + Level 1.5 Necromancy
 + Level 5.6 Translocations
 + Level 1.5 Transmutations
 + Level 1.5 Fire Magic
 + Level 1.5 Ice Magic
 + Level 1.5 Air Magic
 + Level 1.5 Earth Magic
 + Level 1.5 Poison Magic
 + Level 2.1 Invocations
 + Level 1.9 Evocations


You had 4 spell levels left.
You knew the following spells:

 Your Spells              Type           Power      Damage    Failure   Level
a - Blink                 Tloc           42%        N/A       3%          2
b - Gell's Gravitas       Tloc           21%        N/A       6%          3
c - Lesser Beckoning      Tloc           21%        N/A       6%          3
d - Teleport Other        Tloc           21%        N/A       6%          3

Your spell library contained the following spells:

 Spells                   Type           Power      Damage    Failure   Level
 Beastly Appendage        Tmut           16%        N/A       11%         1
 Wereblood                Tmut           8%         N/A       17%         2
 Manifold Assault         Tloc           21%        N/A       21%         4
 Confusing Touch          Hex            8%         N/A       32%         3
 Frozen Ramparts          Ice            16%        1d3       32%         3
 Spider Form              Tmut/Pois      8%         N/A       32%         3
 Ice Form                 Ice/Tmut       8%         N/A       73%         4
 Summon Ice Beast         Ice/Summ       8%         N/A       73%         4
 Yara's Violent Unravell  Hex/Tmut       4%         3d4       97%         5
 Dispersal                Tloc           10%        N/A       97%         6
 Enfeeble                 Hex            4%         N/A       100%        7


Dungeon Overview and Level Annotations

Branches:
Dungeon (5/15)
 Temple: D:4-7

Altars:
Elyvilon
Kikubaaqudgha

Annotations:
D:5 Edmund


Innate Abilities, Weirdness & Mutations

You have very sharp teeth.
Your uncanny sense of smell can sniff out nearby items.
Your experience applies equally to all skills.


Message History

Edmund is heavily wounded.
The quokka closely misses you. Edmund misses you. The quokka barely misses you.
You hit Edmund but do no damage.
Edmund is heavily wounded.
Edmund hits you with a +3 dire flail of holy wrath!
The quokka barely misses you.
You hit Edmund.
Edmund is heavily wounded.
Edmund misses you. The quokka misses you. The scorpion stings you.
You closely miss Edmund. Your bite misses Edmund.
Edmund is heavily wounded.
Edmund hits you but does no damage. The quokka misses you.
The scorpion stings you but does no damage.
You barely miss Edmund.
Edmund is heavily wounded.
The quokka closely misses you. The scorpion stings you.
You are poisoned.
The scorpion poisons you! Edmund closely misses you. The quokka misses you.
You hit Edmund.
Edmund is severely wounded.
You feel sick. The scorpion barely misses you.
Edmund hits you with a +3 dire flail of holy wrath!
The quokka bites you but does no damage.
The scorpion barely misses you.
You barely miss Edmund.
Edmund is severely wounded.
You feel sick.
Edmund says, "I might not be good at magic, but I can still kill you!"
Edmund completely misses you. The quokka closely misses you.
The scorpion completely misses you.
You completely miss Edmund. Your bite misses Edmund.
Edmund is heavily wounded.
You feel sick.
Edmund says, "I might not be good at magic, but I can still kill you!"
Edmund hits you with a +3 dire flail of holy wrath!
* * * LOW HITPOINT WARNING * * *
The scorpion misses you. The quokka barely misses you.
Edmund hits you with a +3 dire flail of holy wrath!
You die...
Kikubaaqudgha rasps: "You have failed me!
Welcome... death!"

...........# ... ....#
..†.>......# ... ....###
.>...[....## ..##.....$.
..........####.#........
###.#.###...##..........
#...# ###..[.#..:....!
##..# ####.#........
#..# #..r........ ....
#.##@....... #.... #.
#s@.....! #.... #.
#........ .< .........
#. #........ ..
#........ ∆ #........
##.......


You could see Edmund, a scorpion and a quokka.

Vanquished Creatures
  A necrophage (D:4)
  A jelly (D:4)
  An iguana (D:4)
  A gnoll (D:3)
  6 adders
  An ufetubus (D:5)
  3 worms
  A dart slug (D:5)
  An orc (D:4)
  6 bats
  6 endoplasms
  2 giant cockroaches (D:2)
  7 goblins
  9 hobgoblins
  6 ball pythons
  2 frilled lizards
  7 kobolds
  3 rats
64 creatures vanquished.

Vanquished Creatures (collateral kills)
  A worm (D:3)
  A bat (D:3)
  A goblin (D:3)
3 creatures vanquished.

Vanquished Creatures (others)
  A human (D:4)
1 creature vanquished.

Grand Total: 68 creatures vanquished

Notes
Turn   | Place    | Note
-------+----------+-------------------------------------------
     0 | D:1      | NinjaNoafa the Gnoll Warper began the quest for the Orb.
     0 | D:1      | Reached XP level 1. HP: 20/20 MP: 6/6
   204 | D:1      | Found a faded altar of an unknown god.
   513 | D:1      | Reached XP level 2. HP: 11/26 MP: 7/7
   966 | D:2      | Reached skill level 5 in Spellcasting
   966 | D:2      | Reached XP level 3. HP: 22/31 MP: 7/9
   969 | D:2      | Learned a level 2 spell: Blink
  1160 | D:2      | Reached skill level 1 in Invocations
  1673 | D:2      | Reached skill level 1 in Short Blades
  1673 | D:2      | Reached skill level 1 in Axes
  1673 | D:2      | Reached skill level 1 in Maces & Flails
  1673 | D:2      | Reached skill level 1 in Polearms
  1673 | D:2      | Reached skill level 1 in Staves
  1673 | D:2      | Reached skill level 1 in Ranged Weapons
  1673 | D:2      | Reached skill level 1 in Stealth
  1673 | D:2      | Reached skill level 1 in Shields
  1673 | D:2      | Reached skill level 1 in Unarmed Combat
  1673 | D:2      | Reached skill level 1 in Evocations
  1988 | D:3      | Reached XP level 4. HP: 27/38 MP: 11/11
  2237 | D:3      | Found a white marble altar of Elyvilon.
  2284 | D:3      | Reached skill level 1 in Conjurations
  2284 | D:3      | Reached skill level 1 in Hexes
  2284 | D:3      | Reached skill level 1 in Summonings
  2284 | D:3      | Reached skill level 1 in Necromancy
  2284 | D:3      | Reached skill level 1 in Transmutations
  2284 | D:3      | Reached skill level 1 in Fire Magic
  2284 | D:3      | Reached skill level 1 in Ice Magic
  2284 | D:3      | Reached skill level 1 in Air Magic
  2284 | D:3      | Reached skill level 1 in Earth Magic
  2284 | D:3      | Reached skill level 1 in Poison Magic
  2494 | D:3      | Learned a level 3 spell: Gell's Gravitas
  2498 | D:3      | Learned a level 3 spell: Lesser Beckoning
  2502 | D:3      | Learned a level 3 spell: Teleport Other
  2919 | D:4      | Noticed a human
  2919 | D:4      | Found an ancient bone altar of Kikubaaqudgha.
  3175 | D:4      | Killed a human
  3201 | D:4      | Reached XP level 5. HP: 42/43 MP: 12/12
  3210 | D:4      | Became a worshipper of Kikubaaqudgha
  3597 | D:4      | Reached XP level 6. HP: 28/50 MP: 2/14
  3935 | D:5      | Entered Level 5 of the Dungeon
  3945 | D:5      | Reached skill level 5 in Fighting
  3945 | D:5      | Reached skill level 5 in Long Blades
  3945 | D:5      | Reached skill level 5 in Dodging
  3965 | D:5      | Noticed Edmund
  4236 | D:5      | Slain by Edmund

Illustrated notes

Levels and vault maps discovered:
D:1:      saegor_arrival_simple_c, layout_loops_ring, basic_ecumenical_altar
D:2:      layout_loops_ring, minmay_tetromino_t2
D:3:      layout_loops_ring, elyvilon_altar_3, st_stairs_12
D:4:      wander_river, layout_rooms, tgw_kikubaaqudgha, nrook_campfire
D:5:      layout_rooms, uniq_duvessa, uniq_eustachio, uniq_blork_the_orc,
          uniq_edmund

Skill      XL: |  1  2  3  4  5  6 |
---------------+-------------------+-----
Spellcasting   | 5 |  5.3
Invocations    | 1 2 |  2.1
Short Blades   | 1 |  1.9
Axes           | 1 |  1.9
Maces & Flails | 1 |  1.9
Polearms       | 1 |  1.9
Staves         | 1 |  1.9
Ranged Weapons | 1 |  1.9
Stealth        | 1 |  1.9
Shields        | 1 |  1.9
Unarmed Combat | 1 |  1.9
Evocations     | 1 |  1.9
Conjurations   | 1 |  1.5
Hexes          | 1 |  1.5
Summonings     | 1 |  1.5
Necromancy     | 1 |  1.5
Transmutations | 1 |  1.5
Fire Magic     | 1 |  1.5
Ice Magic      | 1 |  1.5
Air Magic      | 1 |  1.5
Earth Magic    | 1 |  1.5
Poison Magic   | 1 |  1.5
Throwing       | 3 |  3.2
Armour         | 3 |  3.2
Fighting       | 5 |  5.0
Long Blades    | 5 |  5.0
Dodging        | 5 |  5.0
Translocations | |  5.6

Action                   |  1- 3 |  4- 6 || total
-------------------------+-------+-------++-------
Melee: Falchion          |   115 |   173 ||   288
       Bite              |    13 |    16 ||    29
       Punch             |     2 |     3 ||     5
Throw: Boomerang         |       |     5 ||     5
       Stone             |       |     1 ||     1
 Cast: Blink             |     1 |     2 ||     3
       Gell's Gravitas   |       |     7 ||     7
       Teleport Other    |       |     5 ||     5
       Lesser Beckoning  |       |     1 ||     1
  Use: Potion            |     1 |     6 ||     7
       Scroll            |     4 |     4 ||     8
Armor: Leather armour    |    20 |    37 ||    57
Dodge: Dodged            |    96 |   195 ||   291

Table legend: (Time is in decaauts)
 A = Elapsed time spent in this place.
 B = Non-inter-level travel time spent in this place.
 C = Inter-level travel time spent in this place.
 D = Time resting spent in this place.
 E = Time spent auto-exploring this place.
 F = Levels seen in this place.
 G = Mean time per level.
                   A        B        C        D        E       F      G
               +--------+--------+--------+--------+--------+-----+--------+
         Total |   4269 |   4109 |    160 |      0 |   3339 |   5 |  853.8 |
       Dungeon |   4269 |   4109 |    160 |      0 |   3339 |   5 |  853.8 |
               +--------+--------+--------+--------+--------+-----+--------+

Top non-repeatable levels by time:
     D:2: 1060 daAuts
     D:3: 1019 daAuts
     D:4: 962 daAuts
     D:1: 924 daAuts
     D:5: 302 daAuts
